 Dungeon Crawl Stone Soup version 0.20.1-1-g8b1a95d (webtiles) character file.

7361 Feta the Cleaver (level 11, -8/84 HPs)
             Began as a Formicid Fighter on Sept 13, 2017.
             Was an Elder of Sif Muna.
             Engulfed by a cloud of flame (18 damage)
             ... in a volcano.
             The game lasted 00:35:46 (12564 turns).

Feta the Cleaver (Formicid Fighter)                Turns: 12564, Time: 00:35:47

Health: -8/84      AC: 11    Str: 21    XL:     11   Next: 35%
Magic:  20/20      EV: 12    Int: 11    God:    Sif Muna [****..]
Gold:   573        SH: 11    Dex: 15    Spells: 18/22 levels left

rFire    . . .     SeeInvis +   a - +0 battleaxe
rCold    . . .     Gourm    .   c - +0 shield
rNeg     . . .     Faith    .   N - +0 scale mail
rPois    .         Spirit   .   (helmet unavailable)
rElec    .         Reflect  .   (no cloak)
rCorr    .         Harm     .   (no gloves)
MR       +....                  J - +2 pair of boots of the Peasants {*Slow Dex+5 Slay+2 Stlth+}
Stlth    +.........             (no amulet)
Regen    0.3/turn               (no ring)
MPRegen  0.2/turn               (no ring)

@: no status effects
A: permanent stasis, dig shafts and tunnels, four strong arms, antennae 3
a: Dig, Shaft Self, Divine Energy, Channel Magic, Forget Spell, Renounce
Religion


You were in a volcano.
You worshipped Sif Muna.
Sif Muna was greatly pleased with you.
You were not hungry.

You visited 3 branches of the dungeon, and saw 12 of its levels.
You also visited: Volcano.

You collected 671 gold pieces.
You spent 98 gold pieces at shops.

Inventory:

Hand Weapons
 a - a +0 battleaxe (weapon)
 b - a +0 hand crossbow
 i - a +0 dire flail
 q - a +4 flail of draining
 E - a +0 mace of crushing
 L - a +1 war axe
Missiles
 d - 6 curare-tipped needles
 h - 21 poisoned needles
 m - 72 bolts
 u - 345 stones (quivered)
Armour
 c - a +0 shield (worn)
 x - a +0 large shield
 J - the +2 pair of boots of the Peasants (worn) {*Slow Dex+5 Slay+2 Stlth+}
   (You found it on level 7 of the Dungeon)

   It affects your dexterity (+5).
   It affects your accuracy and damage with ranged weapons and melee attacks
   (+2).
   It may slow you when you take damage.
   It makes you more stealthy.
 N - a +0 scale mail (worn)
Magical Staves
 I - an uncursed staff of earth
Wands
 g - a wand of paralysis (10/24)
 F - a wand of flame (24/48)
Scrolls
 r - 3 scrolls of enchant weapon
 t - a scroll of fear
 w - 2 scrolls of enchant armour
 B - 2 scrolls of remove curse
 M - 2 scrolls of recharging
Potions
 e - 2 potions of curing
 k - a potion of invisibility
 n - 2 potions of cancellation
Books
 j - a book of Misfortune

   Spells                             Type                      Level
   a - Confusing Touch                Hexes                        1
   b - Confuse                        Hexes                        3
   c - Gell's Gravitas                Translocation                3
   d - Petrify                        Transmutation/Earth          4
   e - Metabolic Englaciation         Hexes/Ice                    5
   f - Yara's Violent Unravelling     Hexes/Transmutation          5
Comestibles
 f - 11 bread rations
 o - 9 royal jellies
 p - 4 fruits
 z - 3 meat rations


   Skills:
 + Level 7.3 Fighting
 + Level 8.1 Axes
 - Level 1.4 Staves
 + Level 2.0 Crossbows
 + Level 7.9 Armour
 + Level 3.9 Dodging
 + Level 8.0 Shields
 * Level 6.3 Spellcasting
 * Level 7.2 Earth Magic


You had 18 spell levels left.
You knew the following spells:

 Your Spells              Type           Power        Failure   Level  Hunger
a - Petrify               Tmut/Erth      ##......     77%         4    ####...


Dungeon Overview and Level Annotations

Branches:
Dungeon (10/15)            Temple (1/1) D:5            Lair (0/6) D:9
    Orc (1/2) D:9

Altars:
Ashenzari
Cheibriados
Dithmenos
Elyvilon
Fedhas
Gozag
Hepliaklqana
Kikubaaqudgha
Makhleb
Nemelex Xobeh
Qazlal
Ru
Sif Muna
Trog
Uskayaw
Xom
Yredelemnul
Zin
The Shining One

Shops:
D:9 (

Annotations:
D:7 Biabri's ghost, novice MiMo
D:10 exclusion: ice statue, Erolcha


Innate Abilities, Weirdness & Mutations

You cannot be hasted, slowed, berserked, paralysed or teleported.
You can dig through walls and to a lower floor.
Your four strong arms can wield two-handed weapons with a shield.
You have a pair of large antennae on your head. (SInv)


Message History

The glob of lava hits you!
You slash the lava snake!
You kill the lava snake!
Sif Muna accepts your kill.
A lava snake comes into view.
The lava snake hisses angrily.
The lava snake spits lava at you. The glob of lava hits you!
The lava snake spits lava at you. The glob of lava misses you.
The air gets thick with the scent of sulphur.
The lava snake spits lava at you. The glob of lava hits you!
You miss the lava snake.
The volcano roars to life, belching forth lava!
You are engulfed in blazing flames.
* * * LOW HITPOINT WARNING * * *
The lava snake closely misses you.
You miss the lava snake.
You are engulfed in blazing flames.
You die...

##### ###### ######
#...§§##§...# #....#
§.###§§§§#.########.####
§§§§§§§§§.§§...........#
§§§§§§§§§....§..........
§§§.§§§@§..§............
≈§§§§≈§S§.≈≈.≈≈≈.≈......
§§≈§§§§§≈≈§≈§≈≈§≈≈≈≈§≈..
§§§§§§§≈§≈§§≈≈≈§≈§≈§≈≈§≈
§§≈§§§§§≈≈≈§≈≈≈§≈≈≈≈≈≈≈§
≈§§§§≈§≈§≈≈≈≈≈≈≈≈≈§≈§§§≈
§ ≈§§≈§§§≈≈≈§≈§≈§§≈≈§§
≈≈§§§§§≈§≈≈§≈≈≈§≈§


b You could see a lava snake.

Vanquished Creatures
  2 two-headed ogres
  A troll (D:10)
  4 yaks (D:9)
  A fire bat (Volcano)
  A hungry ghost (D:9)
  2 ice beasts (D:9)
  3 porcupines (D:9)
  6 orc warriors
  2 black bears
  A phantom (D:7)
  4 ogres
  5 centaurs
  A crocodile (D:9)
  A big kobold (D:9)
  7 bullfrogs
  A wyvern zombie (D:9)
  5 scorpions
  2 howler monkeys
  2 electric eels (D:9)
  5 crimson imps
  A lava snake (Volcano)
  2 centaur zombies
  5 hounds
  3 jellies
  6 orc priests
  3 bullfrog skeletons
  2 gnoll shamans (D:4)
  7 orc wizards
  2 centaur skeletons
  Natasha (thrice) (D:2)
  2 iguanas
  7 worker ants
  A killer bee zombie (D:8)
  A hound zombie (D:8)
  A worker ant zombie (D:6)
  12 gnolls
  17 adders
  A hound simulacrum (D:9)
  A shadow imp (D:5)
  5 white imps (D:9)
  A worker ant simulacrum (D:9)
  4 oozes
  4 ufetubi (D:9)
  An adder zombie (D:6)
  An adder simulacrum (D:9)
  6 leopard geckos
  34 orcs
  8 bats
  A bat zombie (D:5)
  6 giant cockroaches
  2 goblins
  4 hobgoblins
  12 jackals
  4 quokkas
  2 frilled lizards (D:4)
  A jackal skeleton (D:7)
  A jackal zombie (D:6)
  10 kobolds
  A leopard gecko skeleton (D:6)
  2 rats
  2 rat zombies (D:5)
  A fungus (D:9)
  A plant (D:9)
247 creatures vanquished.

Vanquished Creatures (others)
  8 fungi (D:9)
  6 plants (D:9)
14 creatures vanquished.

Grand Total: 261 creatures vanquished

Notes
Turn   | Place    | Note
-------+----------+-------------------------------------------
     0 | D:1      | Feta the Formicid Fighter began the quest for the Orb.
     0 | D:1      | Reached XP level 1. HP: 18/18 MP: 1/1
   146 | D:1      | Reached XP level 2. HP: 24/24 MP: 2/2
   669 | D:2      | Found a faded altar of an unknown god.
   683 | D:2      | Became a worshipper of Sif Muna the Loreminder
   683 | D:2      | Reached * piety under Sif Muna
   710 | D:2      | Reached XP level 3. HP: 23/29 MP: 3/3
   763 | D:2      | Noticed Natasha
   779 | D:2      | Killed Natasha
   779 | D:2      | Reached XP level 4. HP: 11/37 MP: 4/4
  1086 | D:2      | Noticed Natasha
  1104 | D:2      | Killed Natasha
  1104 | D:2      | Reached XP level 5. HP: 17/42 MP: 5/5
  1327 | D:2      | Noticed Natasha
  1336 | D:2      | Killed Natasha
  1336 | D:2      | Reached skill level 1 in Spellcasting
  1538 | D:2      | Learned a level 4 spell: Petrify
  1605 | D:2      | Found a burning altar of Makhleb.
  1868 | D:3      | Noticed a bullfrog
  1878 | D:3      | Killed a bullfrog
  1878 | D:3      | Reached XP level 6. HP: 46/48 MP: 7/7
  2496 | D:3      | Reached skill level 5 in Shields
  2496 | D:3      | Reached skill level 1 in Earth Magic
  2785 | D:4      | Reached skill level 1 in Dodging
  2785 | D:4      | Reached XP level 7. HP: 26/55 MP: 9/9
  3700 | D:4      | Reached ** piety under Sif Muna
  3914 | D:4      | Reached XP level 8. HP: 61/61 MP: 11/11
  3959 | D:4      | Found a shimmering altar of Xom.
  4179 | D:5      | Entered Level 5 of the Dungeon
  4629 | D:5      | Reached skill level 5 in Axes
  5035 | D:5      | Found an ancient bone altar of Kikubaaqudgha.
  5100 | D:5      | Found a staircase to the Ecumenical Temple.
  5116 | D:5      | Reached skill level 5 in Armour
  5140 | Temple   | Entered the Ecumenical Temple
  5523 | D:6      | Reached skill level 5 in Fighting
  6351 | D:6      | Found a white marble altar of Elyvilon.
  6419 | D:7      | Reached XP level 9. HP: 60/68 MP: 13/13
  6555 | D:7      | Got a pair of ichor-stained boots
  6566 | D:7      | Identified the +2 pair of boots of the Peasants {*Slow Dex+5 Slay+2 Stlth+} (You found it on level 7 of the Dungeon)
  6603 | D:7      | Reached skill level 1 in Staves
  6866 | D:7      | Noticed Biabri's ghost (novice MiMo)
  7290 | D:8      | Reached skill level 5 in Earth Magic
  7510 | D:8      | Noticed a two-headed ogre
  7626 | D:8      | Killed a two-headed ogre
  7626 | D:8      | Reached *** piety under Sif Muna
  7626 | D:8      | Reached XP level 10. HP: 21/77 MP: 15/17
  7967 | D:8      | Found a glowing golden altar of the Shining One.
  8229 | D:8      | Found a blossoming altar of Fedhas.
  8321 | D:8      | HP: 1/77 [centaur/arrow (3)]
  8330 | D:8      | You fall through a shaft for 2 floors!
  8330 | D:10     | Entered Level 10 of the Dungeon
  8693 | D:10     | Reached skill level 5 in Spellcasting
  8719 | D:10     | Noticed an ice statue
  8777 | D:10     | Noticed Erolcha
  9519 | D:8      | Found a sparkling altar of Nemelex Xobeh.
 10151 | D:8      | Found a shattered altar of Ashenzari.
 10923 | D:9      | Found a staircase to the Orcish Mines.
 10954 | D:9      | Found a shimmering altar of Xom.
 11050 | D:9      | Found Raon's Antique Weapon Shop.
 11063 | D:9      | Reached XP level 11. HP: 80/84 MP: 19/19
 11071 | D:9      | Bought a hand crossbow for 98 gold pieces
 11387 | D:9      | Noticed a two-headed ogre
 11402 | D:9      | Killed a two-headed ogre
 11402 | D:9      | Reached skill level 1 in Crossbows
 11835 | D:9      | Found a staircase to the Lair.
 12123 | Orc:1    | Entered Level 1 of the Orcish Mines
 12280 | Orc:1    | Found a dark tunnel.
 12282 | Orc:1    | Reached **** piety under Sif Muna
 12308 | Volcano  | Entered a volcano
 12564 | Volcano  | Engulfed by a cloud of flame

Skill      XL: |  1  2  3  4  5  6  7  8  9 10 11 |
---------------+----------------------------------+-----
Shields        | 4 5 6 7 8 |  8.0
Axes           | 3 4 5 7 8 |  8.1
Fighting       | 4 5 6 7 |  7.3
Armour         | 4 5 7 |  7.9
Spellcasting   | 1 2 3 4 5 6 |  6.3
Earth Magic    | 1 2 4 5 6 7 |  7.2
Dodging        | 1 3 |  3.9
Staves         | 1 |  1.4
Crossbows      | 2 |  2.0

Action                   |  1- 3 |  4- 6 |  7- 9 | 10-12 || total
-------------------------+-------+-------+-------+-------++-------
Melee: War axe           |    55 |   126 |   367 |    22 ||   570
       Staff             |       |       |    20 |       ||    20
       Battleaxe         |       |       |    37 |   285 ||   322
 Fire: Shortbow          |       |       |    11 |    15 ||    26
       Hand crossbow     |       |       |       |    35 ||    35
 Cast: Petrify           |       |       |       |     4 ||     4
 Abil: Dig               |       |       |     4 |     9 ||    13
       Shaft Self        |       |       |       |     1 ||     1
  Use: Potion            |       |     1 |     1 |    10 ||    12
       Scroll            |       |     5 |       |     9 ||    14
  Eat: Chunk             |       |     5 |    18 |    12 ||    35
       Meat ration       |       |       |       |     2 ||     2
       Fruit             |       |       |       |     1 ||     1
Armor: Scale mail        |    24 |    43 |   160 |   119 ||   346
       Ring mail         |       |    11 |       |       ||    11
Dodge: Dodged            |    17 |    39 |   173 |   150 ||   379
Block: Shield            |    24 |    69 |   225 |   234 ||   552
